 Dungeon Crawl Stone Soup version 0.31-a0-232-gb1c03b2570 (webtiles) character file.

Game seed: 17008306771773400733

240 qw the Shooter (level 5, 0/46 HPs)
             Began as a Minotaur Hexslinger on July 7, 2023.
             Slain by an orc priest
             ... wielding a +0 dagger
              (4 damage)
             ... on level 3 of the Dungeon.
             The game lasted 00:00:58 (1994 turns).

qw the Shooter (Minotaur Hexslinger)                Turns: 1994, Time: 00:00:59

Health: 0/46       AC:  7    Str: 13    XL:     5   Next: 79%
Magic:  5/5        EV: 11    Int: 10    God:
Gold:   51         SH:  0    Dex: 14    Spells: 5/6 levels left

rFire   . . .        Y - +1 sling
rCold   . . .        (no shield)
rNeg    . . .        h - +0 ring mail
rPois   +            (helmet restricted)
rElec   .            (no cloak)
rCorr   .            g - +1 pair of gloves
SInv    .            (no boots)
Will    .....        (no amulet)
Stlth   +            a - ring of poison resistance
HPRegen 0.27/turn    (no ring)
MPRegen 0.09/turn

%: no passive effects
@: no status effects
A: horns 2, retaliatory headbutt
a: no special abilities


You were on level 3 of the Dungeon.
You visited 1 branch of the dungeon, and saw 3 of its levels.
You also visited: Sewer.

You collected 51 gold pieces.


Innate Abilities, Weirdness & Mutations

You have a pair of horns on your head.
You reflexively headbutt those who attack you in melee.


   Skills:
 - Level 4.1 Fighting
 + Level 5.4 Ranged Weapons
 - Level 1.1 Armour
 - Level 2.1 Dodging
 - Level 1.0 Spellcasting
 - Level 2.0 Hexes


You had 5 spell levels left.
You knew the following spells:

 Your Spells              Type           Power      Damage    Failure   Level
a - Slow                  Hex            16%        N/A       32%         1

Your spell library contained the following spells:

 Spells                   Type           Power      Damage    Failure   Level
 Inner Flame              Hex/Fire       2%         N/A       82%         3
 Portal Projectile        Hex/Tloc       4%         N/A       82%         3
 Cause Fear               Hex            2%         N/A       97%         4

Inventory:

Hand Weapons
 Y - a +1 sling (weapon)
Armour
 g - a +1 pair of gloves (worn)
 h - a +0 ring mail (worn)
Jewellery
 a - a ring of poison resistance (left hand)
Scrolls
 b - a scroll of identify
Potions
 c - a potion of haste
 d - a potion of resistance {unknown}
 e - a potion of magic {unknown}
 f - a potion of degeneration {unknown}
 i - a potion of invisibility {unknown}

Dungeon Overview and Level Annotations

Branches:
Dungeon (3/15)              Sewer (visited)

Altars:


Message History

You shoot a sling bullet. The sling bullet barely misses the orc.
The endoplasm hits you but does no damage.
The orc hits you but does no damage. The orc priest completely misses you.
You shoot a sling bullet. The sling bullet barely misses the orc.
The endoplasm hits you. The orc hits you with a +0 whip.
The orc hits you with a +0 dagger.
The orc priest hits you but does no damage.
You shoot a sling bullet. The sling bullet hits the orc!
You kill the orc!
You feel yourself slow down.
The endoplasm hits you but does no damage.
The orc hits you but does no damage. The orc priest closely misses you.
You furiously retaliate!
You headbutt the orc priest! You shoot a sling bullet.
The sling bullet barely misses the orc priest.
The endoplasm hits you but does no damage.
The orc hits you but does no damage.
The orc priest hits you but does no damage.
You shoot a sling bullet.
The sling bullet hits the orc priest but does no damage.
The orc priest is severely wounded.
The endoplasm freezes you.
You are frozen.
The orc hits you but does no damage.
The orc priest mumbles some strange prayers to Beogh against you.
Pain shoots through your body! The hobgoblin hits you.
You shoot a sling bullet. The sling bullet hits the orc priest.
The orc priest is almost dead.
The endoplasm hits you but does no damage.
The orc hits you but does no damage. The orc priest closely misses you.
The hobgoblin hits you.
You shoot a sling bullet.
The sling bullet closely misses the orc priest.
The endoplasm closely misses you. The orc barely misses you.
The hobgoblin barely misses you.
The orc priest mumbles some strange prayers to Beogh against you.
You barely resist. The endoplasm freezes you.
You are frozen.
The orc priest hits you with a +0 dagger.
You die...

#.###.#....
#.###.##### #####
..##.# ....
#.##.##### #..#
####.##.....#
#<.####.......###..
#..#..........#
#goo.....^....#
#)@....~~~....##.
##J#..~~~~~.(...#
#.#..~~.~~.....#
#<#..~~~~~...#..#
#.#...~~~...#...#
#................#
#.%.........###.##
#.###!##..#####.##
.# ## .... .....#


You could see an orc priest, an orc, an endoplasm and a hobgoblin.

Vanquished Creatures
  A kobold brigand (Sewer)
  8 river rats
  An adder (Sewer)
  A dart slug (D:3)
  9 orcs (D:3)
  5 endoplasms
  6 giant cockroaches
  A goblin (D:1)
  2 hobgoblins
  3 quokkas (D:1)
  12 ball pythons
  A bat (D:1)
  A frilled lizard (D:3)
  16 kobolds (Sewer)
  20 rats
87 creatures vanquished.

Notes
Turn   | Place    | Note
-------+----------+-------------------------------------------
     0 | D:1      | qw the Minotaur Hexslinger began the quest for the Orb.
     0 | D:1      | Reached XP level 1. HP: 16/16 MP: 1/1
     0 | D:1      | 0 ||| qw: Version: 0.3-a-46-gb1f654a
     0 | D:1      | 0 ||| qw: Game counter: 2725
     0 | D:1      | 0 ||| qw: Melee chars always use a shield: true
     0 | D:1      | 0 ||| qw: God list: Okawaru
     0 | D:1      | 0 ||| qw: Allow faded altars: false
     0 | D:1      | 0 ||| qw: Do Orc after clearing Dungeon:15 true
     0 | D:1      | 0 ||| qw: Do second Lair branch before Depths: true
     0 | D:1      | 0 ||| qw: Lair rune preference: random
     0 | D:1      | 0 ||| qw: Goals: Normal
     0 | D:1      | 0 ||| PLANNING D:1-11
   260 | D:1      | Reached skill level 3 in Ranged Weapons
   265 | D:1      | Reached XP level 2. HP: 23/23 MP: 2/2
   671 | D:1      | 671 ||| UPGRADING to +0 leather armour.
   681 | D:1      | 681 ||| DROPPING +0 robe.
   682 | D:1      | 682 ||| UPGRADING to +0 pair of gloves.
   687 | D:1      | 687 ||| UPGRADING to +0 ring mail.
   697 | D:1      | 697 ||| DROPPING +0 leather armour.
   698 | D:1      | 698 ||| READING scroll labelled SAWEAD QUUNK.
   703 | D:1      | 703 ||| READING 2 scrolls labelled IDAMPU REPP.
   704 | D:1      | 704 ||| READING scroll of enchant armour.
   704 | D:1      | 704 ||| ENCHANTING +0 pair of gloves.
   705 | D:1      | 705 ||| READING scroll labelled DUDDER GOAMYH.
   706 | D:1      | 706 ||| DROPPING scroll of poison.
   730 | D:2      | You fall into a shaft and drop 1 floor!
   731 | D:3      | 731 ||| PLANNING SEWER
   876 | D:3      | Reached XP level 3. HP: 29/29 MP: 3/3
   972 | D:3      | Found a glowing drain.
   973 | D:3      | 973 ||| UPGRADING to ring of poison resistance.
   982 | D:3      | Reached skill level 4 in Ranged Weapons
   986 | D:3      | HP: 7/29 [river rat (3)]
   992 | D:3      | Reached skill level 1 in Armour
  1109 | Sewer    | Entered a sewer
  1131 | Sewer    | Reached XP level 4. HP: 36/36 MP: 4/4
  1175 | Sewer    | 1175 ||| Stepping ~*~*~tactically~*~*~ (water).
  1197 | Sewer    | 1197 ||| FLEEEEING.
  1198 | Sewer    | 1198 ||| FLEEEEING.
  1199 | Sewer    | 1199 ||| FLEEEEING.
  1200 | Sewer    | 1200 ||| FLEEEEING.
  1201 | Sewer    | 1201 ||| FLEEEEING.
  1202 | Sewer    | 1202 ||| FLEEEEING.
  1203 | Sewer    | 1203 ||| FLEEEEING.
  1204 | Sewer    | 1204 ||| FLEEEEING.
  1205 | Sewer    | 1205 ||| FLEEEEING.
  1206 | Sewer    | 1206 ||| FLEEEEING.
  1207 | Sewer    | 1207 ||| FLEEEEING.
  1208 | Sewer    | 1208 ||| FLEEEEING.
  1209 | Sewer    | 1209 ||| FLEEEEING.
  1256 | Sewer    | Reached skill level 5 in Ranged Weapons
  1325 | Sewer    | 1325 ||| Stepping ~*~*~tactically~*~*~ (water).
  1340 | Sewer    | 1340 ||| FLEEEEING.
  1341 | Sewer    | 1341 ||| FLEEEEING.
  1342 | Sewer    | 1342 ||| FLEEEEING.
  1343 | Sewer    | 1343 ||| FLEEEEING.
  1344 | Sewer    | 1344 ||| FLEEEEING.
  1345 | Sewer    | 1345 ||| FLEEEEING.
  1346 | Sewer    | 1346 ||| FLEEEEING.
  1347 | Sewer    | 1347 ||| FLEEEEING.
  1400 | Sewer    | Noticed a kobold brigand
  1412 | Sewer    | Killed a kobold brigand
  1413 | Sewer    | Reached XP level 5. HP: 14/46 MP: 5/5
  1414 | Sewer    | HP: 8/46 [kobold/+0 short sword (4)]
  1417 | Sewer    | HP: 3/46 [kobold/+0 dagger (2)]
  1939 | Sewer    | 1939 ||| DRINKING 2 silvery potions.
  1974 | D:3      | 1974 ||| PLANNING D:1-11
  1978 | D:3      | 1978 ||| FLEEEEING.
  1979 | D:3      | 1979 ||| FLEEEEING.
  1992 | D:3      | HP: 10/46 [orc priest/nerve-wracking pain (2)]
  1993 | D:3      | HP: 4/46 [hobgoblin (4)]
  1994 | D:3      | Slain by an orc priest

Levels and vault maps discovered:
D:1:      minmay_arrival_diagonal_passages, layout_loops_ring, feat_on_display
D:2:      layout_rooms, basic_altar, uniq_terence
D:3:      layout_loops_ring, portal_sewer_entry_a

Skill      XL: |  1  2  3  4 |
---------------+-------------+-----
Ranged Weapons | 3 4 5 |  5.4
Fighting       | 2 4 |  4.1
Armour         | 1 |  1.1
Dodging        | |  2.1
Spellcasting   | |  1.0
Hexes          | |  2.0

Action                     |  1- 3 |  4- 6 || total
---------------------------+-------+-------++-------
   Fire: Sling             |   110 |   143 ||   253
    Use: Scroll            |     4 |       ||     4
         Potion            |       |     1 ||     1
 Armour: Ring mail         |    13 |    66 ||    79
         Robe              |     1 |       ||     1
  Dodge: Dodged            |    39 |    79 ||   118

Table legend:
 A = Non-vault XP
 B = Vault XP
 C = Vault XP percentage of total XP
 D = Non-vault monster count
 E = Vault monster count
 F = Vault count percentage of total count
                 A         B        C        D         E       F
            +---------+---------+-------+---------+---------+-------
      Total |      71 |     272 |  79.3 |      34 |      53 |  60.9
            +---------+---------+-------+---------+---------+-------
        D:1 |      23 |       0 |   0.0 |      14 |       0 |   0.0
        D:2 |       2 |       0 |   0.0 |       1 |       0 |   0.0
        D:3 |      46 |      33 |  41.8 |      19 |       5 |  20.8
      Sewer |       0 |     239 | 100.0 |       0 |      48 | 100.0
            +---------+---------+-------+---------+---------+-------
